AoeStats
← cupiim

Hideout

509454710Analyzed
1v1 RM · 6d ago on Sep 26, 2026· 30m 47s· 2 players
Game mode
Random Map
Map size
Tiny (2 player)
Population
200
Speed
Normal
Resources
Standard
Victory
Conquest
Starting age
Dark Age
Ending age
Imperial Age
RankedLock teamsTeams togetherTeam positionsShared explorationLock speedFull tech treeHidden civsTurbo modeCheats
Victory
Defeat
🇧🇷 Inca · Brazil
497
+14
🇨🇿 Franks · Czechia
457
-14
Mik159
1:03 Loom
13:21 Feudal Age
15:02 Wheelbarrow
14:15 Double-Bit Axe
14:24 Stone Mining
14:25 Gold Mining
17:52 Arson
cupiim
11:04 Feudal Age
11:14 Champi Runner
14:21 Loom
26:56 Castle Age
25:35 Wheelbarrow
26:35 Fletching
26:56 Forging
26:31 Horse Collar
28:02 Padded Archer Armor
30:30 Bodkin Arrow
Connection lost

Rejoining the realm…

Still unreachable

The connection could not be restored.

Session expired

The server has moved on; the page needs a fresh start.